 Dungeon Crawl Stone Soup version 0.31-a0-431-g88bdf31460 (webtiles) character file.

Game seed: 2659676021295129812

0 drugrobin the Sneak (level 1, 0/18 HPs)
             Began as a Demigod Delver on July 31, 2023.
             Killed from afar by an orc wizard (3 damage)
             ... with a puff of flame
             ... on level 6 of the Dungeon.
             The game lasted 00:01:23 (134 turns).

drugrobin the Sneak (Demigod Delver)                 Turns: 134, Time: 00:01:24

Health: 0/18       AC:  3    Str: 13    XL:     1   Next: 6%
Magic:  3/3        EV: 11    Int: 12    God:
Gold:   32         SH:  0    Dex: 15    Spells: 0/0 levels left

rFire   . . .        a - +0 hand axe
rCold   . . .        (no shield)
rNeg    . . .        b - +0 leather armour
rPois   .            (no helmet)
rElec   .            (no cloak)
rCorr   .            (no gloves)
SInv    +            (no boots)
Will    .....        (no amulet)
Stlth   +++          (no ring)
HPRegen 0.23/turn    (no ring)
MPRegen 0.08/turn

%: no passive effects
@: no status effects
A: high MP 1, forlorn, divine attributes
a: no special abilities


You were on level 6 of the Dungeon.
You visited 1 branch of the dungeon, and saw 2 of its levels.

You collected 32 gold pieces.

Inventory:

Hand Weapons
 a - a +0 hand axe (weapon)
Armour
 b - a +0 leather armour (worn)
Wands
 g - a wand of digging (9)
Scrolls
 c - a scroll of fog
 d - a scroll of revelation
 h - a scroll of amnesia {unknown}
 i - a scroll of enchant armour {unknown}
Potions
 f - a potion of haste


   Skills:
 - Level 2.6 Fighting
 + Level 1.8 Axes
 - Level 1.7 Dodging
 - Level 4.5 Stealth


You couldn't memorise any spells.
You didn't know any spells.
Your spell library was empty.

Dungeon Overview and Level Annotations

Branches:
Dungeon (6/15)
 Temple: D:4-7


Innate Abilities, Weirdness & Mutations

You have an increased reservoir of magic. (+10% MP)
You shall have no god before yourself.
Your divine heritage dramatically boosts your attributes as you level up.


Message History

Found 2 fizzy green potions.
An ice beast comes into view.
The orc shouts!
The orc hits you with a +0 trident.
Unknown command.
Found a stone staircase leading down.
The orc hits you with a +0 trident.
Unknown command.
Unknown command.
Unknown command.
The orc hits you with a +0 trident!
* * * LOW HITPOINT WARNING * * *
Unknown command.
Unknown command.
Unknown command.
The orc attacks as you move away! The orc barely misses you.
The orc hits you from afar with a +0 trident.
* * * LOW HITPOINT WARNING * * *
Unknown command.
Unknown command.
Unknown command.
Unknown command.
As you read the scroll of fear, it crumbles to dust.
You assume a fearsome visage.
The orc looks frightened!
The ice beast looks frightened!
The scorpion looks frightened!
Unknown command.
There is a stone staircase leading down here.
You climb downwards.
The orc wizard shouts! x2; You hear a shout!
Found 19 gold pieces.
There is a stone staircase leading up here.
Unknown command.
Unknown command.
As you read the scroll of revelation, it crumbles to dust.
You feel aware of your surroundings.
You sensed 1 shop/portal.
An orc warrior and an orc come into view.
The orc wizard gestures wildly while chanting.
The orc wizard flickers and vanishes for a moment.
The orc wizard gestures at you while chanting.
The puff of flame hits you.
You die...

*,**,,,*,** *,*,**,,,,,,,*,*
*,,+,,,*,####.#.##..##.#,*,*
*,**,,,*,####....#..##.#,*,***
*,**,,,*,#..............,,,,,****
*,**,,,*,#.##.#..#......,,,,,,,,,
*,**,,,*,...............,,,******
*,**,,,**#.##........###*,,*
*,**,,,*,...$....##..###*,,* ***
,,**,,,*,#.##.#.@.o.....,,,* *,,
****,,,*,#.##.#..##oo###*,,* *,*
*,,,*,#..........o...,,,* *,*
**+**,#.##......o.###*,,* *,*
*,,,,.....##.###.###**,****,*
*,**,#...........### *,,,,,,* **
*,**,..#####.####### ********
,****,***#.#####.#######
,,,,,,,,,,,* *,*


You could see an orc warrior (wandering), 2 orc wizards and 2 orcs.

Vanquished Creatures
  A goblin (D:5)
1 creature vanquished.

Notes
Turn   | Place    | Note
-------+----------+-------------------------------------------
     0 | D:5      | drugrobin the Demigod Delver began the quest for the Orb.
     0 | D:5      | Reached XP level 1. HP: 18/18 MP: 3/3
    16 | D:5      | Noticed a scorpion
    84 | D:5      | Noticed a sleepcap
   105 | D:5      | Noticed a scorpion
   124 | D:5      | Noticed an ice beast
   133 | D:6      | Noticed an orc wizard
   133 | D:6      | Noticed an orc wizard
   134 | D:6      | Noticed an orc warrior
   134 | D:6      | Killed from afar by an orc wizard

Illustrated notes

Levels and vault maps discovered:
D:5:      layout_gridville, evilmike_ruin_ashenzari, nicolae_goblin_pals,
          uniq_crazy_yiuf_cottage
D:6:      layout_basic, nicolae_shop_overcharged_wands, uniq_sigmund

Action                     || total
---------------------------++-------
  Melee: Hand axe          ||     4
  Evoke: Wand              ||     1
    Use: Scroll            ||     2
 Armour: Leather armour    ||     2
  Dodge: Dodged            ||     2

Table legend: (Time is in decaauts)
 A = Elapsed time spent in this place.
 B = Non-inter-level travel time spent in this place.
 C = Inter-level travel time spent in this place.
 D = Time resting spent in this place.
 E = Time spent auto-exploring this place.
 F = Levels seen in this place.
 G = Mean time per level.
                   A        B        C        D        E       F      G
               +--------+--------+--------+--------+--------+-----+--------+
         Total |    134 |    134 |      0 |      0 |     14 |   2 |   67.0 |
       Dungeon |    134 |    134 |      0 |      0 |     14 |   2 |   67.0 |
               +--------+--------+--------+--------+--------+-----+--------+

Top non-repeatable levels by time:
     D:5: 133 daAuts
     D:6: 0 daAuts
